 Dungeon Crawl Stone Soup version 0.32-a0-768-g0f6f1dd4b9 (webtiles) character file.

Game seed: 14133017379669967261

6746 lunkers the Cleaver (level 11, -3/126 HPs)
             Began as a Coglin Berserker on Mar 18, 2024.
             Was a High Priest of Trog.
             Succumbed to an orange demon's poison
             ... on level 9 of the Dungeon.
             The game lasted 00:11:05 (9079 turns).

lunkers the Cleaver (Coglin Berserker)              Turns: 9079, Time: 00:11:06

Health: -3/126     AC: -2    Str: 22    XL:     11   Next: 4%
Magic:  11/11      EV:  9    Int:  7    God:    Trog [*****.]
Gold:   597        SH:  0    Dex: 13    Spells: 10/10 levels left

rFire   . . .        h - +4 war axe {Hana}
rCold   + . .        q - +0 war axe (heavy) {Ajinder}
rNeg    . . .        x - +2 scale mail {rC+}
rPois   .            (no helmet)
rElec   .            s - +0 cloak
rCorr   .            (no gloves)
SInv    .            (no boots)
Will    .....        (amulet unavailable) Stlth
                     (ring unavailable)
HPRegen 0.41/turn    (ring unavailable)
MPRegen 0.12/turn    (no gizmo)

%: no passive effects
@: berserking, lethally poisoned (-3 -> -59), spiked, corroded, studying Short
Blades, revving, very quick
A: off-hand wielding, slow wielding, warmup strikes, no jewellery
a: Invent Gizmo, Renounce Religion, Berserk, Trog's Hand, Brothers in Arms


You were on level 9 of the Dungeon.
You worshipped Trog.
Trog was extremely pleased with you.
You visited 1 branch of the dungeon, and saw 9 of its levels.

You collected 597 gold pieces.

Inventory:

Hand Weapons
 h - a +4 war axe (weapon) {Hana}
 q - a +0 heavy war axe (offhand) {Ajinder}
Missiles
 u - a throwing net
 v - a curare-tipped dart
Armour
 r - a +4 ring mail
 s - a +0 cloak (worn)
 x - a +2 scale mail of cold resistance (worn)
Wands
 j - a wand of polymorph (10)
 z - a wand of roots (12)
Scrolls
 a - a scroll of immolation
 c - a scroll of blinking {unknown}
 d - 7 scrolls of teleportation
 t - a scroll of revelation {unknown}
 y - a scroll of poison
Potions
 b - a potion of haste
 e - 2 potions of mutation {unknown}
 f - 4 potions of heal wounds
 g - 7 potions of curing
 i - 2 potions of resistance {unknown}
 k - a potion of cancellation {unknown}
 l - 4 potions of might {unknown}
 m - a potion of brilliance {unknown}
 n - 4 potions of magic {unknown}
 o - 2 potions of lignification {unknown}
 p - a potion of enlightenment {unknown}
 w - a potion of degeneration {unknown}


   Skills:
 + Level 7.1 Fighting
 - Level 14.0 Axes
 - Level 1.7 Armour
 - Level 1.7 Dodging
 + Level 8.2 Evocations


You had 10 spell levels left.
You didn't know any spells.
Your spell library was empty.

Dungeon Overview and Level Annotations

Branches:
Dungeon (9/15)             Temple (0/1) D:4
   Lair: D:8-11         Orc: D:9-12

Altars:
Gozag
Hepliaklqana
Makhleb
Nemelex Xobeh
Sif Muna
Trog
Zin
The Shining One

Shops:
D:2 *   D:6 [   D:8 :

Annotations:
D:9 1 transporter


Innate Abilities, Weirdness & Mutations

You can wield a second weapon in your off-hand.
It takes a long time for you to wield or remove held weapons.
Your first few attacks do less damage.
You cannot equip rings or amulets.


Message History

You closely miss the rust devil with your +4 war axe.
You hit the red devil with your +4 war axe.
You barely miss the red devil with your +0 heavy war axe.
The red devil is moderately wounded.
You slash the rust devil with your +0 heavy war axe!
You slash the red devil with your +4 war axe!
You slash the rust devil with your +4 war axe!
The orange demon stings you but does no damage.
The rust devil hits you.
* * * LOW HITPOINT WARNING * * *
The rust devil corrodes you! The orange demon stings you from afar!
* * * LOW HITPOINT WARNING * * *
You are poisoned.
The orange demon poisons you! The orange demon stings you from afar!
* * * LOW HITPOINT WARNING * * *
You are more poisoned.
The orange demon poisons you!
The red devil hits you with a +0 trident!
* * * LOW HITPOINT WARNING * * *
More barbed spikes become lodged in your body.
You slash the red devil with your +0 heavy war axe!
You kill the red devil!
Trog accepts your kill.
You slash the rust devil with your +0 heavy war axe!
You hit the rust devil with your +4 war axe.
* * * LOW HITPOINT WARNING * * *
You feel very sick. The orange demon stings you from afar.
* * * LOW HITPOINT WARNING * * *
The rust devil hits you.
* * * LOW HITPOINT WARNING * * *
The rust devil corrodes you! The orange demon stings you from afar!
* * * LOW HITPOINT WARNING * * *
You are more poisoned.
The orange demon poisons you! The orange demon stings you from afar.
* * * LOW HITPOINT WARNING * * *
You slash the rust devil with your +0 heavy war axe!
You kill the rust devil!
Trog accepts your kill.
You die...

#.##
###########.#
#.#~
#...........
#.#ß
##.......$#.
#.##
.!.....⌠...
#...
.......4..#
####
......444.#
##
.......)..#
#. #. #@# #..
#. ####.#
....#. #....#
....#. #.####
...... #.#
....> #.#####
##.#. #.....#
..#..
#.#####.#
#.≈≈≈≈≈≈≈.###
#....##.#
#≈..≈≈≈..≈# #


You could see 3 orange demons and a red devil.

Vanquished Creatures
  2 two-headed ogres (D:7)
  A rust devil (D:9)
  A komodo dragon (D:7)
  A red devil (D:9)
  A troll (D:6)
  Grinder (D:5)
  2 wraiths
  4 yaks (D:8)
  A steam dragon (D:6)
  Menkaure (D:5)
  Duvessa (D:5)
  A water moccasin (D:7)
  An orc warrior (D:7)
  2 ice beasts (D:6)
  3 ogres (D:6)
  A black bear (D:6)
  4 sky beasts
  2 phantoms
  A kobold brigand (D:4)
  2 bullfrogs
  2 scorpions (D:6)
  Dowan (D:5)
  9 killer bees
  2 howler monkeys
  A bombardier beetle (D:4)
  5 orc priests
  Crazy Yiuf (D:3)
  2 gnoll boudas
  5 hounds
  4 jellies
  3 sleepcaps
  8 iguanas
  9 orc wizards
  11 gnolls
  8 adders
  2 river rats (D:5)
  3 shadow imps
  2 white imps
  An ufetubus (D:6)
  2 dart slugs
  2 ribbon worms
  48 orcs
  6 ball pythons
  2 bats (D:1)
  5 endoplasms
  6 giant cockroaches
  12 goblins
  12 hobgoblins
  9 jackals (D:4)
  2 kobolds
  2 quokkas (D:1)
  2 frilled lizards
  5 rats
227 creatures vanquished.

Notes
Turn   | Place    | Note
-------+----------+-------------------------------------------
     0 | D:1      | lunkers the Coglin Berserker began the quest for the Orb.
     0 | D:1      | Reached XP level 1. HP: 18/18 MP: 1/1
   242 | D:1      | Reached XP level 2. HP: 21/24 MP: 2/2
  1035 | D:2      | Reached skill level 4 in Axes
  1068 | D:2      | Reached XP level 3. HP: 29/29 MP: 3/3
  1197 | D:2      | Found Panleblo's General Store.
  1492 | D:2      | Reached ** piety under Trog
  2010 | D:3      | Reached XP level 4. HP: 29/35 MP: 4/4
  2056 | D:3      | Reached skill level 5 in Axes
  2453 | D:3      | Found a burning altar of Makhleb.
  2645 | D:3      | Found a runed translucent door.
  2646 | D:3      | Noticed Crazy Yiuf
  2797 | D:3      | Killed Crazy Yiuf
  2798 | D:3      | Reached XP level 5. HP: 34/41 MP: 5/5
  2994 | D:4      | Found a sparkling altar of Nemelex Xobeh.
  3331 | D:4      | Reached skill level 6 in Axes
  3352 | D:4      | Reached XP level 6. HP: 22/47 MP: 6/6
  3494 | D:4      | Found a staircase to the Ecumenical Temple.
  3614 | D:4      | Reached skill level 7 in Axes
  3767 | D:4      | Reached *** piety under Trog
  3905 | D:5      | Entered Level 5 of the Dungeon
  3907 | D:5      | Noticed Dowan
  3907 | D:5      | Noticed Duvessa
  3918 | D:5      | Killed Duvessa
  3919 | D:5      | Reached skill level 8 in Axes
  3919 | D:5      | Reached XP level 7. HP: 36/52 MP: 7/7
  3919 | D:5      | Killed Dowan
  4198 | D:5      | Noticed Grinder
  4208 | D:5      | Killed Grinder
  4209 | D:5      | Reached skill level 9 in Axes
  4209 | D:5      | Reached XP level 8. HP: 33/58 MP: 8/8
  4598 | D:5      | Found a glowing drain.
  4685 | D:5      | Reached skill level 10 in Axes
  4738 | D:5      | Reached **** piety under Trog
  4881 | D:5      | Noticed Menkaure
  4890 | D:5      | Killed Menkaure
  5117 | D:5      | Found a glowing golden altar of the Shining One.
  5381 | D:6      | Found a bloodstained altar of Trog.
  5400 | D:6      | Reached skill level 11 in Axes
  5826 | D:6      | Found Rougreth's Armour Emporium.
  5951 | D:6      | Reached XP level 9. HP: 63/63 MP: 9/9
  5963 | D:6      | Reached skill level 12 in Axes
  6671 | D:6      | Reached skill level 13 in Axes
  6885 | D:6      | Noticed a troll
  7005 | D:6      | Killed a troll
  7006 | D:6      | Reached skill level 14 in Axes
  7006 | D:6      | Reached XP level 10. HP: 63/70 MP: 10/10
  7141 | D:7      | Reached skill level 1 in Evocations
  7217 | D:7      | Reached ***** piety under Trog
  7480 | D:7      | Noticed a two-headed ogre
  7481 | D:7      | Noticed a two-headed ogre
  7485 | D:7      | Killed a two-headed ogre
  7487 | D:7      | Killed a two-headed ogre
  7488 | D:7      | Reached skill level 5 in Fighting
  7488 | D:7      | Reached skill level 5 in Evocations
  7777 | D:7      | Found a glowing silver altar of Zin.
  8019 | D:8      | Found an opulent altar of Gozag.
  8388 | D:8      | Found a shimmering blue altar of Sif Muna.
  8741 | D:8      | Found Vauwnuick's Tiny Tomes.
  8783 | D:9      | Found a transporter.
  8963 | D:9      | Noticed an orc high priest
  8964 | D:9      | Noticed a kobold demonologist
  8964 | D:9      | Noticed a kobold demonologist
  8965 | D:9      | Noticed an orc high priest
  8988 | D:9      | Found a hazy altar of Hepliaklqana.
  8998 | D:9      | Reached XP level 11. HP: 67/84 MP: 11/11
  9078 | D:9      | HP: 6/126 [orange demon (5)]
  9079 | D:9      | Succumbed to an orange demon's poison

Illustrated notes

Levels and vault maps discovered:
D:1:      zelgadis_glass_arrival_small, layout_loops_corners
D:2:      minmay_angry_zag, layout_loops_corners, serial_shops, shop,
          minmay_pentomino_p2
D:3:      layout_loops_ring, mainiacjoe_overflow_alcove_1, serial_forest,
          infiniplex_forest_end_2, infiniplex_forest_straight_4,
          infiniplex_forest_clump_C, infiniplex_forest_lined_3_way,
          infiniplex_forest_lined_2, infiniplex_forest_clump_curved,
          infiniplex_forest_lined_corner, infiniplex_forest_clump_long,
          grunt_ministairs_8, uniq_crazy_yiuf_cottage
D:4:      layout_basic, nemelex_xobeh_ov_fountains_minmay,
          minmay_temple_entry_nine_rooms, serial_bayou_crossing
D:5:      layout_loops_cross, kennysheep_little_box, lightli_sewer_entry_pipes,
          uniq_duvessa, uniq_menkaure, uniq_grinder
D:6:      kennysheep_windowed_halls, layout_layer_cave,
          mainiacjoe_overflow_catwalk, nicolae_inconvenience_store
D:7:      minmay_cornered_nines, layout_cave_pools, overflow_temple_1_default,
          hangedman_decor_clover_reticule, minmay_misc_feat_columns
D:8:      layout_gridville, mainiacjoe_overflow_surrounded_room,
          amcnicky_altar_gilded, nicolae_shop_i_like_small_books_too
D:9:      gammafunk_wand_slinger, layout_basic, mainiacjoe_overflow_paths,
          serial_demonic, serial_demonic_a, serial_demonic_e, serial_demonic_g,
          serial_demonic_d, nicolae_alphabet_shops

Skill      XL: |  1  2  3  4  5  6  7  8  9 10 |
---------------+-------------------------------+-----
Axes           | 4 5 6 8 9 11 14 | 14.0
Evocations     | 8 |  8.2
Fighting       | 7 |  7.1
Armour         | |  1.7
Dodging        | |  1.7

Action                     |  1- 3 |  4- 6 |  7- 9 | 10-12 || total
---------------------------+-------+-------+-------+-------++-------
  Melee: Hand axe          |    98 |   104 |    95 |       ||   297
         Dagger            |    88 |    30 |       |       ||   118
         War axe           |       |    76 |   210 |   140 ||   426
 Invoke: Berserk           |     1 |     3 |     5 |     3 ||    12
         Trog's Hand       |       |     1 |       |       ||     1
    Use: Scroll            |       |       |    11 |       ||    11
 Armour: Animal skin       |    10 |       |       |       ||    10
         Ring mail         |    44 |    79 |    26 |       ||   149
         Scale mail        |       |       |   122 |    82 ||   204
  Dodge: Dodged            |    55 |    63 |    87 |    36 ||   241

Table legend: (Time is in decaauts)
 A = Elapsed time spent in this place.
 B = Non-inter-level travel time spent in this place.
 C = Inter-level travel time spent in this place.
 D = Time resting spent in this place.
 E = Time spent auto-exploring this place.
 F = Levels seen in this place.
 G = Mean time per level.
                   A        B        C        D        E       F      G
               +--------+--------+--------+--------+--------+-----+--------+
         Total |   9227 |   8958 |    269 |    181 |   7457 |   9 | 1025.2 |
       Dungeon |   9227 |   8958 |    269 |    181 |   7457 |   9 | 1025.2 |
               +--------+--------+--------+--------+--------+-----+--------+

Top non-repeatable levels by time:
     D:6: 1860 daAuts
     D:5: 1434 daAuts
     D:3: 1097 daAuts
     D:4: 1014 daAuts
     D:1: 927 daAuts
     D:2: 914 daAuts
     D:7: 878 daAuts
     D:8: 798 daAuts
     D:9: 303 daAuts
